 Dungeon Crawl Stone Soup version 0.26-a0-489-g112e8ad46e (webtiles) character file.

Game seed: 16233425206868255966

627164 ANON1729 the Slayer (level 27, -15/206 HPs)
             Began as a Palentonga Delver on Aug 3, 2020.
             Was the Champion of Hepliaklqana.
             Demolished by a storm dragon (19 damage)
             ... on level 3 of the Realm of Zot.
             The game lasted 06:26:01 (108981 turns).

ANON1729 the Slayer (Palentonga Delver)           Turns: 108981, Time: 06:26:02

Health: -15/206    AC: 21    Str: 37    XL:     27
Magic:  0/51       EV: 15    Int: 18    God:    Hepliaklqana [******]
Gold:   3201       SH: 13    Dex: 16    Spells: 33/56 levels left

rFire    . . .     SeeInvis +   y - +9 demon blade (elec)
rCold    + + +     Faith    .   M - +0 kite shield {reflect}
rNeg     + . .     Spirit   +   A - +2 leather armour of Intuition {rC++ Str+7 Slay+3}
rPois    .         Reflect  +   B - +2 helmet
rElec    +         Harm     .   W - scarf {repulsion}
rCorr    .                      F - +0 pair of gloves
MR       ++...                  Z - +0 barding {rC+}
Stlth    ++........             G - amulet of guardian spirit
HPRegen  0.44/turn              E - ring "Deolamet" {Str+6 Int+5}
MPRegen  0.32/turn              V - ring "Vasua" {rElec rN+ MP+9 Dex+2}

@: berserk cooldown, slowed, repel missiles, very slow
A: large, reduced essence, talons 2, rugged brown scales 3, see invisible,
deformed body, frail 1, sense surroundings 1, MP-powered wands, roll, armoured
tail
}: 3/15 runes: decaying, abyssal, gossamer
a: Rolling Charge, Recall Ancestor, Ancestor Identity, Transference, Idealise,
Renounce Religion


You were on level 3 of the Realm of Zot.
You worshipped Hepliaklqana.
Hepliaklqana was exalted by your worship.
You visited 11 branches of the dungeon, and saw 51 of its levels.
You visited the Abyss 3 times.
You also visited: Ice Cave.

You collected 6674 gold pieces.
You spent 3473 gold pieces at shops.

Inventory:

Hand Weapons
 a - a +2 quick blade of distortion
 y - a +9 demon blade of electrocution (weapon)
Armour
 A - the +2 leather armour of Intuition (worn) {rC++ Str+7 Slay+3}
   (You found it on level 1 of the Crypt)

   It affects your strength (+7).
   It affects your accuracy and damage with ranged weapons and melee attacks
   (+3).
   It greatly protects you from cold.
 B - a +2 helmet (worn)
 F - a +0 pair of gloves (worn)
 M - a +0 kite shield of reflection (worn)
 S - a +1 cloak of preservation
 W - a scarf of repulsion (worn)
 Z - a +0 barding of cold resistance (worn)
Jewellery
 e - an uncursed amulet of the acrobat
 s - an uncursed ring of protection from magic
 x - an uncursed ring of protection from fire
 E - the ring "Deolamet" (left hand) {Str+6 Int+5}
   (You bought it in a shop on level 5 of the Depths)

   [ring of strength]

   It affects your strength (+6).
   It affects your intelligence (+5).
 G - an amulet of guardian spirit (around neck)
 V - the ring "Vasua" (right hand) {rElec rN+ MP+9 Dex+2}
   (You found it on level 11 of the Dungeon)

   [ring of magical power]

   It affects your dexterity (+2).
   It insulates you from electricity.
   It protects you from negative energy.
   It affects your magic capacity (+9).
Wands
 g - a wand of digging (1)
 k - a wand of clouds (2)
 v - a wand of acid (19)
 Q - a wand of iceblast (67)
Scrolls
 c - 4 scrolls of fog
 d - 3 scrolls of magic mapping
 i - 11 scrolls of amnesia
 l - 19 scrolls of teleportation
 p - 31 scrolls of remove curse
 r - a scroll of summoning
 t - 13 scrolls of immolation
 z - 2 scrolls of brand weapon
 C - 3 scrolls of fear
 D - 17 scrolls of identify
 I - 4 scrolls of holy word
 J - 4 scrolls of enchant armour
 K - 11 scrolls of vulnerability
 O - 6 scrolls of enchant weapon
 Y - a scroll of acquirement
Potions
 b - 6 potions of haste
 f - 9 potions of might
 j - 7 potions of brilliance
 o - 9 potions of flight
 q - 22 potions of curing
 u - 3 potions of mutation
 H - 6 potions of stabbing
 N - 3 potions of cancellation
 P - 6 potions of ambrosia
 R - 3 potions of berserk rage
 T - 4 potions of invisibility
 U - 3 potions of resistance
 X - 2 potions of heal wounds
Miscellaneous
 w - a lightning rod (4/4)
 L - a tin of tremorstones (3/3)


   Skills:
 * Level 23.8 Fighting
 + Level 18.4 Long Blades
 - Level 16.0 Armour
 + Level 11.3 Dodging
 - Level 3.3 Stealth
 - Level 9.0 Shields
 - Level 15.0 Spellcasting
 + Level 9.8 Necromancy
 - Level 7.0 Translocations
 + Level 9.1 Transmutations
 * Level 15.2 Ice Magic
 + Level 17.5 Invocations


You had 33 spell levels left.
You knew the following spells:

 Your Spells              Type           Power        Failure   Level
a - Apportation           Tloc           #####.       1%          1
b - Frozen Ramparts       Ice            ######       1%          3
c - Ozocubu's Armour      Ice            ######..     1%          3
d - Wereblood             Tmut           #####...     1%          2
e - Animate Skeleton      Necr           #####.       1%          1
f - Blink                 Tloc           N/A          1%          2
g - Freeze                Ice            ####         0%          1
h - Ozocubu's Refrigerat  Ice            ######....   1%          6
i - Summon Ice Beast      Ice/Summ       #####...     2%          4

Your spell library contained the following spells:

 Spells                   Type           Power        Failure   Level
 Beastly Appendage        Tmut           #####.       1%          1
 Pain                     Necr           ####         1%          1
 Ensorcelled Hibernation  Hex/Ice        #####.       1%          2
 Passwall                 Tmut/Erth      ####....     1%          2
 Lesser Beckoning         Tloc           #####.....   1%          3
 Vampiric Draining        Necr           #####.....   1%          3
 Animate Dead             Necr           #####.....   1%          4
 Ice Form                 Ice/Tmut       ######..     1%          4
 Spider Form              Tmut/Pois      ####......   2%          3
 Hailstorm                Conj/Ice       #####...     2%          4
 Agony                    Necr           #####...     2%          5
 Portal Projectile        Hex/Tloc       ####..       3%          3
 Blade Hands              Tmut           #####.....   3%          5
 Corona                   Hex            ##.....      4%          1
 Foxfire                  Conj/Fire      ##..         4%          1
 Magic Dart               Conj           ##..         4%          1
 Sandblast                Erth           ##....       4%          1
 Summon Small Mammal      Summ           ##..         4%          1
 Ignite Poison            Fire/Tmut/Pois ###.....     4%          3
 Simulacrum               Ice/Necr       ######....   4%          6
 Metabolic Englaciation   Hex/Ice        #####.....   6%          5
 Call Imp                 Summ           ##......     8%          2
 Searing Ray              Conj           ##....       8%          2
 Slow                     Hex            ##......     8%          2
 Petrify                  Tmut/Erth      ####....     8%          4
 Iskenderun's Mystic Bla  Conj/Tloc      ####....     12%         4
 Conjure Flame            Conj/Fire      ##......     14%         3
 Dazzling Flash           Conj/Hex       ##....       14%         3
 Inner Flame              Hex/Fire       ##......     14%         3
 Mephitic Cloud           Conj/Pois/Air  ##......     14%         3
 Stone Arrow              Conj/Erth      ##....       14%         3
 Tukima's Dance           Hex            ##......     14%         3
 Borgnjor's Vile Clutch   Necr/Erth      ####......   19%         5
 Alistair's Intoxication  Tmut/Pois      ####.....    22%         5
 Summon Forest            Summ/Tloc      ####......   32%         5
 Dispersal                Tloc           #####.....   38%         6
 Cause Fear               Hex            ##........   43%         4
 Fulminant Prism          Conj/Hex       ##........   43%         4
 Leda's Liquefaction      Hex/Erth       ##........   43%         4
 Sticky Flame             Conj/Fire      ##......     43%         4
 Freezing Cloud           Conj/Ice/Air   ####......   67%         6
 Statue Form              Tmut/Erth      ####.....    75%         6
 Bolt of Magma            Conj/Fire/Erth ##........   80%         5
 Fireball                 Conj/Fire      ##........   80%         5
 Iskenderun's Battlesphe  Conj           ##......     80%         5
 Lee's Rapid Deconstruct  Erth           ##........   80%         5
 Silence                  Hex/Air        ##........   80%         5
 Summon Demon             Summ           ##........   80%         5
 Summon Mana Viper        Hex/Summ       ##......     80%         5
 Haunt                    Necr/Summ      ####......   99%         7
 Borgnjor's Revivificati  Necr           #####.....   99%         8
 Infestation              Necr           #####.....   99%         8
 Invisibility             Hex            ##......     100%        6
 Iron Shot                Conj/Erth      ##........   100%        6
 Shadow Creatures         Summ           N/A          100%        6
 Starburst                Conj/Fire      ##........   100%        6
 Malign Gateway           Summ/Tloc      ####......   100%        7
 Monstrous Menagerie      Summ           ##........   100%        7
 Orb of Destruction       Conj           ##........   100%        7
 Spellforged Servitor     Conj/Summ      ##........   100%        7
 Summon Greater Demon     Summ           ##........   100%        7
 Summon Hydra             Summ           ##........   100%        7
 Ignition                 Fire           ##........   100%        8
 Necromutation            Tmut/Necr      #####.....   100%        8
 Summon Horrible Things   Summ           ##........   100%        8
 Death's Door             Necr           #####.....   100%        9
 Shatter                  Erth           ##........   100%        9


Dungeon Overview and Level Annotations

Branches:
Dungeon (15/15)            Temple (1/1) D:5            Lair (6/6) D:9
  Swamp (4/4) Lair:4       Spider (4/4) Lair:4        Slime (0/5) Lair:5
    Orc (2/2) D:11            Elf (3/3) Orc:2        Vaults (4/5) D:14
  Crypt (3/3) Vaults:2       Tomb (0/3) Crypt:3      Depths (5/5) D:15
    Zot (4/5) Depths:5      IceCv (visited)

Altars:
Ashenzari
Cheibriados
Dithmenos
Elyvilon
Fedhas
Gozag
Hepliaklqana
Kikubaaqudgha
Makhleb
Nemelex Xobeh
Okawaru
Qazlal
Ru
Sif Muna
Trog
Uskayaw
Vehumet
Wu Jian
Xom
Yredelemnul
Zin
The Shining One
Lugonu

Shops:
D:4 *   D:11 }   Orc:2 :![!}   Elf:1 ?   Elf:3 *   Vaults:1 *   Depths:5 }==

Portals:
Hell: Depths:1 Depths:2 Depths:3 Depths:4 Depths:5
Abyss: Depths:3 Depths:4
Pandemonium: Depths:3
Ziggurat: Depths:4
Trove: Vaults:4 (give 9 potions of haste)

Annotations:
D:13 8 runed translucent doors
Lair:4 2 transporters
Elf:2 3 runed translucent doors
Elf:3 exclusion: 5 doors


Innate Abilities, Weirdness & Mutations

You are completely covered in rugged brown scales. (AC +3, +7% HP)
You have supernaturally acute eyesight. (SInv)
Armour fits poorly on your strangely shaped body.
You can roll at foes to attack.
You have a long armoured tail.
Your life essence is reduced to manifest your ancestor. (-10% HP)
You have razor-sharp toenails.
You are frail. (-10% HP)
You passively map a small area around you.
You expend magic power (3 MP) to strengthen your wands.


Message History

The storm dragon is lightly wounded.
You block the storm dragon's attack.
The storm dragon tramples you but does no damage.
The moth of wrath bites you!
* * * LOW HITPOINT WARNING * * *
There is a stone staircase leading down, spattered with blood here.
You feel a strong urge to attack something.
The storm dragon closely misses you.
You riposte.
You slash the storm dragon!
The storm dragon is lightly wounded.
You block the storm dragon's attack. x2
You feel your anger nearly subside.
You are no longer berserk.
You are exhausted.
You feel yourself slow down.
Your blink will be uncontrolled - continue anyway?
The Orb prevents control of your translocation!
You blink.
As you read the scroll of blinking, it crumbles to dust.
The storm dragon bites you!!
You die...

#..# #..##
##......###
#..# #...##
##....## #
#..#
##...##
##...##
#..##
##...##
##...##
#...##
##...##
##...##
##...##
##...##
##...#
##..>##
##...#
##...
##...##
##.## ##..
##..@## ###
### ###
##.yD##
##.##
##.)ยง##
#...##
##)))##
##...####
##...##
##......
##...##
##..)..
##...##
##..##
##...##
#..#
##...##
#..#


You could see a storm dragon (berserk) and a moth of wrath.

Vanquished Creatures
  An orb of fire (Zot:2)
  Mara (Swamp:3)
  A juggernaut (Depths:5)
  An ancient lich (Crypt:3)
  Sojobo (Depths:1)
  Bai Suzhen (Spider:2)
  The ghost of Ahiatin the Axe Maniac, a veteran MiBe of Trog (Crypt:2)
  Frederick (Vaults:2)
  4 Killer Klowns
  2 caustic shrikes
  A curse toe (Crypt:3)
  Nikola (Depths:1)
  8 golden dragons
  2 bone dragons
  4 liches
  Rupert (Lair:6)
  Jorgrun (Swamp:2)
  13 tentacled monstrosities
  4 quicksilver dragons
  2 deep elf master archers (Elf:3)
  A deep elf blademaster (Elf:3)
  A titan (Zot:2)
  3 sphinxes
  Frances (Elf:1)
  6 ancient champions
  5 death cobs
  4 thorn hunters
  5 tengu reavers
  Donald (Elf:1)
  5 shadow dragons
  6 storm dragons
  7 draconian monks
  12 fire giants
  10 frost giants
  A revenant (Crypt:1)
  6 ghost moths
  8 deep elf sorcerers
  9 draconian knights
  12 vault wardens
  2 draconian scorchers
  A curse skull (Crypt:3)
  An iron dragon (Depths:5)
  3 deep elf elementalists (Elf:3)
  Louise (Swamp:3)
  9 emperor scorpions
  6 draconian shifters
  22 stone giants
  6 draconian stormcallers
  3 ghouls
  A draconian annihilator (Zot:4)
  15 very ugly things
  17 ironheart preservers
  A spriggan defender (Depths:4)
  An entropy weaver (shapeshifter) (Elf:3)
  6 entropy weavers
  8 black draconians
  8 green draconians
  4 deep elf annihilators
  7 purple draconians
  Nessos (D:13)
  3 deep elf demonologists
  9 yellow draconians
  10 vampire knights
  10 white draconians
  8 red draconians
  9 deep elf death magi
  A spark wasp (D:15)
  8 eidola
  Snorg (D:14)
  A green death (Abyss:3)
  13 ettins
  Josephine (Orc:1)
  8 yaktaur captains
  8 jiangshi
  8 fire dragons
  7 great orbs of eyes
  16 ogre magi
  Fannar (Orc:1)
  2 deep elf high priests (Elf:3)
  A hell beast (Depths:1)
  Harold (D:9)
  21 hydras
  5 rakshasas
  13 ice dragons
  7 ghost crabs
  Erolcha (Orc:2)
  4 spriggan air magi
  14 centaur warriors
  9 vault guards
  2 catoblepae (Lair:6)
  2 shambling mangroves (Swamp:4)
  13 alligators
  Erica (D:9)
  50 two-headed ogres
  9 death knights
  6 vampire magi
  7 deep troll earth magi
  6 deep troll shamans
  5 tengu warriors
  12 dancing weapons
  11 death yaks
  10 thrashing horrors (Abyss:3)
  An orc high priest (Orc:1)
  6 spriggan berserkers
  A sixfirhy (Abyss:3)
  8 iron trolls
  4 fire crabs (Lair:3)
  20 deep elf knights
  Nergalle (D:12)
  4 salamander mystics
  A titan skeleton (Crypt:2)
  2 hell knights
  5 wizards
  3 spriggan druids
  24 skeletal warriors
  A shadow wraith (Vaults:1)
  A golden dragon zombie (Crypt:1)
  A deep troll (shapeshifter) (Vaults:2)
  4 unseen horrors
  10 glowing orange brains
  32 deep trolls
  8 swamp dragons
  19 deep elf archers
  14 orc knights
  12 phantasmal warriors
  4 flayed ghosts
  12 ironbrand convokers
  An iron giant skeleton (Crypt:3)
  A necromancer (Vaults:1)
  2 harpies (Vaults:4)
  58 deep elf magi
  19 orb spiders
  4 orc sorcerers
  A salamander (shapeshifter) (Depths:1)
  36 wolf spiders
  3 cyclopes
  2 wolf spider zombies (D:15)
  5 manticores
  2 frost giant zombies (Crypt:1)
  47 ugly things
  6 elephants (Lair:3)
  29 moths of wrath
  A manticore (shapeshifter) (Depths:4)
  A black mamba (shapeshifter) (Vaults:1)
  13 salamanders
  4 centaur zombies
  2 fire giant skeletons
  3 torpor snails
  A rust devil (Depths:1)
  6 vault sentinels
  4 ice statues (IceCv)
  A dire elephant zombie (Abyss:3)
  2 naga magi (D:15)
  3 black mambas
  4 gargoyles
  An apocalypse crab (Abyss:3)
  A guardian serpent (shapeshifter) (D:14)
  4 spectral swamp worms (Depths:4)
  A centaur skeleton (D:11)
  An orange demon (Abyss:2)
  2 cane toads (shapeshifter)
  18 cane toads
  15 demonic crawlers
  55 yaktaurs
  4 efreet
  3 kobold demonologists (D:13)
  6 komodo dragons
  2 yaktaurs (shapeshifter)
  16 freezing wraiths
  2 anaconda simulacra (IceCv)
  A catoblepas skeleton (Crypt:1)
  A grey draconian skeleton (Crypt:1)
  2 ancient zymes (Abyss:3)
  A silent spectre (Abyss:3)
  14 trolls
  A guardian mummy (Crypt:3)
  2 queen bees (shapeshifter)
  4 tengu conjurers
  3 death yak skeletons
  A meliai (shapeshifter) (Vaults:3)
  A purple draconian skeleton (Crypt:3)
  31 jumping spiders
  A queen bee (D:10)
  4 trolls (shapeshifter)
  Prince Ribbit (D:6)
  25 hornets
  A polar bear (shapeshifter) (D:15)
  A polar bear (Lair:6)
  7 tyrant leeches
  6 raiju (Abyss:3)
  Grinder (D:6)
  34 slime creatures
  17 blink frogs
  7 dream sheep (Lair:6)
  9 hippogriffs
  2 hippogriffs (shapeshifter)
  A satyr skeleton (Crypt:2)
  An air elemental (Elf:2)
  11 bog bodies
  6 flying skulls
  A spriggan (Swamp:4)
  25 tarantellas
  A tarantella (shapeshifter) (Vaults:4)
  6 starcursed masses (Abyss:3)
  2 dire elephant simulacra (IceCv)
  2 shadows
  3 wyverns
  A vampire (Abyss:3)
  59 redbacks
  2 ynoxinuls (Abyss:3)
  9 water elementals
  A yak (shapeshifter) (Vaults:4)
  63 yaks
  16 wraiths
  3 fire elementals
  A golden eye (shapeshifter) (Depths:1)
  A basilisk (D:14)
  A steam dragon (Lair:3)
  2 neqoxecs (Abyss:3)
  Grum (D:9)
  2 chaos spawn (Abyss:3)
  23 vampire mosquitoes
  A spatial vortex (Abyss:3)
  6 wargs
  9 large abominations
  Menkaure (D:6)
  2 harpy simulacra (IceCv)
  13 swamp worms
  A swamp worm (shapeshifter) (Depths:2)
  2 acid dragons
  A water moccasin (shapeshifter) (Depths:1)
  5 insubstantial wisps
  A soldier ant (shapeshifter) (Vaults:3)
  13 water moccasins
  A hell hound (Depths:1)
  13 porcupines
  2 floating eyes
  A torturous demonspawn skeleton (Crypt:1)
  48 orc warriors
  14 swamp drakes
  A black bear (shapeshifter) (Depths:1)
  A meliai simulacrum (D:15)
  An ettin simulacrum (IceCv)
  3 black bears
  6 boggarts
  An eye of draining (D:11)
  10 ice beasts
  6 sky beasts
  40 ogres
  A necrophage (Crypt:2)
  3 phantoms
  An elephant zombie (Crypt:1)
  A lindwurm zombie (Crypt:1)
  2 orc skeletons
  25 centaurs
  10 wolves
  13 crocodiles
  9 small abominations
  4 big kobolds
  A salamander skeleton (Crypt:1)
  13 bullfrogs
  3 earth elementals
  A wyvern zombie (D:13)
  An ogre simulacrum (Vaults:1)
  An orc simulacrum (Vaults:1)
  6 scorpions
  35 killer bees
  2 wights (D:14)
  A yak skeleton (Crypt:2)
  A howler monkey (D:6)
  A wolf zombie (Crypt:2)
  2 electric eels
  A bullfrog zombie (D:11)
  3 hounds
  3 quasits
  12 orc priests
  14 orc wizards
  9 jellies
  3 bullfrog skeletons
  6 iguanas
  11 hexers
  2 human skeletons
  12 worker ants
  A big kobold zombie (Crypt:1)
  An acid dragon skeleton (Crypt:3)
  4 hound zombies
  2 hound skeletons
  12 mummies (Crypt:3)
  A worker ant zombie (D:9)
  6 adders
  3 shadow imps
  A steam dragon skeleton (Crypt:2)
  2 white imps
  An ufetubus (Vaults:3)
  13 oozes (D:10)
  An adder skeleton (D:4)
  A dart slug (D:1)
  4 worms
  8 leopard geckos
  73 orcs
  10 giant cockroaches
  13 goblins
  5 hobgoblins
  8 jackals
  28 kobolds
  4 quokkas
  2 ball pythons
  6 bats
  A frilled lizard (D:5)
  2 leopard gecko skeletons (D:4)
  2 quokka skeletons
  7 rats
  A briar patch (Swamp:4)
  3 fungi
  A plant (D:9)
2266 creatures vanquished.

Vanquished Creatures (collateral kills)
  A curse toe (Crypt:3)
  A caustic shrike (Depths:3)
  2 liches
  A tentacled monstrosity (Zot:3)
  A deep elf blademaster (Elf:3)
  2 death cobs
  A sphinx (Depths:4)
  A storm dragon (Depths:5)
  A frost giant (Depths:2)
  A draconian shifter (Zot:1)
  A vault warden (Vaults:4)
  A ghoul (Crypt:2)
  3 emperor scorpions
  5 very ugly things
  An ironheart preserver (Vaults:4)
  A reaper (Crypt:2)
  A green draconian (Depths:5)
  A vampire knight (Crypt:2)
  4 stone giants
  A deep elf annihilator (Elf:3)
  A black draconian (Zot:2)
  A red draconian (Zot:2)
  A great orb of eyes (Depths:2)
  A deep elf high priest (Elf:3)
  A jiangshi (Crypt:1)
  6 hydras
  2 ice dragons
  A rakshasa (Depths:1)
  A vault guard (D:14)
  A catoblepas (Lair:6)
  A ghost crab (Swamp:4)
  A centaur warrior (Depths:2)
  3 dancing weapons
  A deep troll shaman (Vaults:4)
  3 death yaks
  5 two-headed ogres
  2 ogre magi (Vaults:4)
  2 spriggan berserkers (Depths:2)
  Sonja (D:13)
  2 deep elf knights (Elf:2)
  A wretched star (Abyss:3)
  3 skeletal warriors
  2 iron trolls
  A fire crab (Lair:3)
  A glowing orange brain (Depths:1)
  A shadow wraith (Vaults:1)
  A spatial maelstrom (Abyss:3)
  3 deep trolls (Depths:4)
  2 swamp dragons
  2 flayed ghosts
  A spriggan druid (Swamp:4)
  An ironbrand convoker (Vaults:3)
  A wizard (D:14)
  A necromancer (D:15)
  4 orc knights
  6 orb spiders
  8 deep elf magi
  A harpy (Vaults:4)
  A salamander (Depths:4)
  11 ugly things
  5 wolf spiders
  3 manticores
  3 slime creatures
  An oklob plant (D:10)
  A cyclops (D:15)
  2 moths of wrath (Zot:2)
  A black mamba (Lair:5)
  A torpor snail (Spider:4)
  An ice statue (IceCv)
  A centaur skeleton (D:15)
  2 cane toads
  2 vault sentinels
  An orange demon (Abyss:3)
  A spectral swamp worm (Depths:4)
  Maggie (D:8)
  A freezing wraith (Crypt:1)
  5 yaktaurs
  An anaconda simulacrum (IceCv)
  11 jumping spiders
  A troll (Vaults:3)
  2 tyrant leeches
  3 bog bodies
  2 raiju (Abyss:3)
  3 hippogriffs
  12 redbacks
  An air elemental (Elf:1)
  5 tarantellas
  9 yaks
  A shadow (D:14)
  3 water elementals
  2 wyverns
  A wraith (Crypt:1)
  A spriggan (Depths:3)
  2 basilisks
  3 vampire mosquitoes (Swamp:1)
  A hog (shapeshifter) (D:13)
  4 swamp worms
  An acid dragon (D:13)
  A harpy simulacrum (IceCv)
  2 water moccasins
  A porcupine (Lair:4)
  5 orc warriors
  A small abomination (Abyss:2)
  2 swamp drakes (Swamp:4)
  2 ice beasts
  A sky beast (D:5)
  A black bear (D:8)
  An eye of draining (D:14)
  5 ogres
  A wolf (Lair:5)
  4 centaurs
  A large abomination (Abyss:3)
  3 crocodiles
  4 bullfrogs
  2 big kobolds
  2 scorpions
  A wight (D:14)
  3 killer bees (D:8)
  An electric eel (Elf:3)
  A jelly (D:10)
  2 orc wizards
  2 worker ants
  A deep dwarf zombie (Crypt:3)
  A demigod zombie (Crypt:3)
  A hound skeleton (D:4)
  A shadow imp (D:5)
  A white imp (Abyss:2)
  2 ufetubi
  3 oozes (D:10)
  A dart slug (D:1)
  16 orcs
  2 bats
  2 giant cockroaches
  A hobgoblin (D:3)
  5 jackals
  A frilled lizard (D:2)
  3 kobolds
  A fungus (Elf:3)
  2 plants
314 creatures vanquished.

Vanquished Creatures (others)
  A Killer Klown (Depths:5)
  Asterion (Spider:3)
  An entropy weaver (Lair:3)
  An unseen horror (shapeshifter) (Vaults:4)
  A glowing orange brain (Vaults:2)
  A deep elf mage (Elf:1)
  A cane toad (Swamp:4)
  A yaktaur (Depths:1)
  A killer bee (D:8)
  A redback (Spider:4)
  A golden eye (Abyss:3)
  A swamp worm (Swamp:2)
  A centaur (Orc:2)
  121 hexers
  3 orcs
  6 ancestors
  45 bushes (Depths:1)
  9 fungi
  7 plants
  2 starspawn tentacles (Abyss:4)
206 creatures vanquished.

Grand Total: 2786 creatures vanquished

Notes
Turn   | Place    | Note
-------+----------+-------------------------------------------
     0 | D:5      | ANON1729 the Palentonga Delver began the quest for the Orb.
     0 | D:5      | Reached XP level 1. HP: 19/19 MP: 1/1
    14 | D:5      | Found a staircase to the Ecumenical Temple.
    25 | Temple   | Entered the Ecumenical Temple
   105 | Temple   | Became a worshipper of Hepliaklqana the Forgotten
   155 | D:5      | Noticed a hound
   156 | D:5      | Noticed a phantom
   178 | D:5      | Killed a hound
   178 | D:5      | Reached XP level 2. HP: 23/23 MP: 2/2
   178 | D:5      | Reached XP level 3. HP: 28/28 MP: 3/3
   218 | D:4      | Reached XP level 4. HP: 28/33 MP: 4/4
   331 | D:3      | Found a burning altar of Makhleb.
   400 | D:3      | Noticed Ijyb
   409 | D:3      | Noticed a bullfrog
  1034 | D:2      | Found an iron altar of Okawaru.
  1187 | D:1      | You fall into a shaft and drop 1 floor!
  1350 | D:1      | Reached XP level 5. HP: 40/40 MP: 5/5
  1437 | D:1      | Reached * piety under Hepliaklqana
  2014 | D:3      | Reached skill level 4 in Fighting
  2264 | D:4      | Reached XP level 6. HP: 25/46 MP: 6/6
  2668 | D:4      | Found an opulent altar of Gozag.
  2669 | D:4      | Found Gozag's Platinum Reserve.
  2949 | D:5      | Reached skill level 5 in Long Blades
  3110 | D:5      | Noticed a sky beast
  3118 | D:5      | Killed a sky beast
  3163 | D:5      | Reached XP level 7. HP: 29/53 MP: 7/7
  3720 | D:5      | Found an ornate altar of the Wu Jian Council.
  3727 | D:5      | Found a bloodstained altar of Trog.
  3730 | D:5      | Found a sparkling altar of Nemelex Xobeh.
  3745 | D:5      | Found a shattered altar of Ashenzari.
  3778 | D:5      | Reached skill level 5 in Fighting
  3989 | D:5      | Reached skill level 1 in Invocations
  4426 | D:5      | Found an iron altar of Okawaru.
  4693 | D:3      | Noticed Ijyb
  4693 | D:3      | Ijyb changed into Ijyb the swamp drake
  4823 | D:6      | Noticed Grinder
  4828 | D:6      | Noticed Menkaure
  4845 | D:5      | Reached skill level 1 in Shields
  4845 | D:5      | Reached XP level 8. HP: 61/61 MP: 9/9
  4959 | D:6      | Paralysed by Grinder for 2 turns
  4969 | D:6      | Killed Grinder
  5179 | D:6      | Killed Menkaure
  5190 | D:6      | Reached skill level 6 in Fighting
  5661 | D:6      | Reached ** piety under Hepliaklqana
  5802 | D:6      | Noticed Prince Ribbit
  5823 | D:6      | Killed Prince Ribbit
  6076 | D:6      | Remembered your ancestor Stabby as a hexer
  6480 | D:7      | Reached XP level 9. HP: 68/68 MP: 12/12
  6558 | D:7      | Found a shadowy altar of Dithmenos.
  6679 | D:7      | Reached skill level 5 in Invocations
  6799 | D:7      | Reached skill level 7 in Fighting
  7178 | D:8      | Noticed a two-headed ogre
  7201 | D:8      | Killed a two-headed ogre
  7269 | D:8      | Found an ancient bone altar of Kikubaaqudgha.
  7431 | D:8      | Reached *** piety under Hepliaklqana
  7737 | D:8      | Noticed Maggie
  7751 | D:8      | Reached skill level 5 in Dodging
  7756 | D:8      | Killed Maggie
  7756 | D:8      | Reached XP level 10. HP: 36/77 MP: 14/14
  7975 | D:8      | Reached skill level 8 in Fighting
  8363 | D:3      | Killed Ijyb the swamp drake
  8982 | D:9      | Noticed Harold
  8982 | D:9      | Noticed Erica
  8998 | D:9      | Found a staircase to the Lair.
  9002 | D:9      | Killed Harold
  9044 | D:9      | Killed Erica
  9259 | D:9      | Noticed Grum
  9272 | D:9      | Killed Grum
  9364 | D:9      | Reached **** piety under Hepliaklqana
  9398 | D:9      | Reached skill level 9 in Fighting
  9455 | D:9      | Found a shimmering blue altar of Sif Muna.
  9826 | D:10     | Entered Level 10 of the Dungeon
  9904 | D:10     | Found a hazy altar of Hepliaklqana.
  9953 | D:10     | Noticed a two-headed ogre
  9977 | D:10     | Killed a two-headed ogre
  9977 | D:10     | Reached XP level 11. HP: 75/86 MP: 17/17
 10318 | D:10     | Reached skill level 10 in Long Blades
 10335 | D:10     | Noticed an oklob plant
 10496 | D:10     | Killed an oklob plant
 11348 | D:11     | Reached skill level 10 in Fighting
 11474 | D:11     | Noticed a seven-headed hydra
 11776 | D:11     | Killed a three-headed hydra
 11881 | D:11     | Reached skill level 5 in Shields
 11909 | D:11     | Found a staircase to the Orcish Mines.
 11961 | D:11     | Got a coiled ivory ring
 11979 | D:11     | Identified the ring "Vasua" {rElec rN+ MP+9 Dex+2} (You
                  | found it on level 11 of the Dungeon)
 11981 | D:11     | Found Huunikex's Gadget Shop.
 12084 | D:11     | Noticed a green ugly thing
 12112 | D:11     | Killed a green ugly thing
 12112 | D:11     | Reached XP level 12. HP: 52/95 MP: 19/19
 12523 | D:11     | Reached skill level 10 in Invocations
 13350 | D:12     | Noticed Nergalle
 13402 | D:12     | Killed Nergalle
 13798 | D:12     | Reached ***** piety under Hepliaklqana
 13964 | D:13     | Noticed a death knight
 13996 | D:12     | Reached skill level 11 in Fighting
 14280 | D:13     | Noticed a two-headed ogre
 14321 | D:12     | Killed a two-headed ogre
 14480 | D:13     | Killed a death knight
 14706 | D:13     | Found a large runed translucent door.
 14707 | D:13     | Found a large runed translucent door.
 14710 | D:13     | Found a large runed translucent door.
 14710 | D:13     | Noticed a yaktaur captain
 14718 | D:13     | Found a large runed translucent door.
 14731 | D:13     | Noticed a five-headed hydra
 14746 | D:13     | Killed a five-headed hydra
 15001 | D:13     | Noticed a centaur warrior
 15031 | D:13     | Killed a centaur warrior
 15031 | D:13     | Reached XP level 13. HP: 37/102 MP: 21/21
 15384 | D:13     | Found a large runed translucent door.
 15516 | D:13     | Noticed Nessos
 15517 | D:13     | Noticed Sonja
 15534 | D:13     | Killed Sonja
 15566 | D:13     | Killed Nessos
 15638 | D:13     | Found a large runed translucent door.
 15735 | D:13     | Found a large runed translucent door.
 15739 | D:13     | Found a large runed translucent door.
 15750 | D:13     | Noticed a fire giant
 15900 | Lair:1   | Entered Level 1 of the Lair of Beasts
 16394 | Lair:1   | Reached skill level 12 in Fighting
 17089 | Lair:2   | Reached skill level 1 in Armour
 18316 | Lair:3   | Found a runed translucent door.
 18656 | Lair:3   | Found a runed translucent door.
 18768 | Lair:3   | Got an iridescent glaive
 18769 | Lair:3   | Identified the cursed +0 glaive "Grim Tooth" {flame, rElec
                  | MR- Str+2 Int+4} (You found it on level 3 of the Lair of
                  | Beasts)
 19111 | Lair:3   | Noticed an entropy weaver
 19145 | Lair:3   | Killed an entropy weaver
 19617 | Lair:3   | Noticed an entropy weaver
 20086 | Lair:2   | Killed an entropy weaver
 20086 | Lair:2   | Reached XP level 14. HP: 65/112 MP: 17/23
 20733 | Lair:3   | Noticed an entropy weaver
 20761 | Lair:3   | Killed an entropy weaver
 21235 | Lair:3   | Got a transparent steel ring
 21238 | Lair:3   | Identified the ring of Vauchax {+Inv Dex+2 Stlth-} (You
                  | found it on level 3 of the Lair of Beasts)
 21401 | Lair:4   | Learned a level 1 spell: Freeze
 21579 | Lair:4   | Found a hole to the Spider Nest.
 21620 | Lair:4   | Found a staircase to the Swamp.
 22171 | Lair:4   | Found a transporter.
 22260 | Lair:4   | Found a transporter.
 22495 | Lair:5   | Reached skill level 1 in Ice Magic
 22533 | Lair:5   | Reached skill level 1 in Spellcasting
 23062 | Lair:5   | Found a staircase to the Slime Pits.
 23411 | Lair:5   | Reached skill level 13 in Fighting
 23461 | Lair:6   | Entered Level 6 of the Lair of Beasts
 24896 | Lair:6   | Reached XP level 15. HP: 77/120 MP: 25/25
 25250 | Lair:6   | Noticed Rupert
 25297 | Lair:6   | Killed Rupert
 26815 | Orc:1    | Entered Level 1 of the Orcish Mines
 26910 | Orc:1    | Noticed Josephine
 26939 | Orc:1    | Killed Josephine
 26997 | Orc:1    | Reached ****** piety under Hepliaklqana
 27015 | Orc:1    | Noticed Fannar
 27080 | Orc:1    | Killed Fannar
 27326 | Orc:2    | Entered Level 2 of the Orcish Mines
 27326 | Orc:2    | Found a staircase to the Elven Halls.
 27326 | Orc:2    | Noticed Erolcha
 27337 | Orc:1    | Gained mutation: Your magical capacity is low. (-10% MP) [a
                  | neqoxec]
 27643 | Orc:2    | Killed Erolcha
 28867 | Orc:2    | Found Juytt's Book Boutique.
 28914 | Orc:2    | Learned a level 3 spell: Frozen Ramparts
 28918 | Orc:2    | Learned a level 3 spell: Ozocubu's Armour
 29226 | Orc:2    | Found Sanur's Distillery.
 29226 | Orc:2    | Found Xoogh's Armour Emporium.
 29228 | Orc:2    | Found Qeistroza's Distillery.
 29230 | Orc:2    | Found Sovaezue's Gadget Boutique.
 29234 | Orc:2    | Bought a potion of haste for 120 gold pieces
 29234 | Orc:2    | Bought a potion of heal wounds for 60 gold pieces
 29234 | Orc:2    | Bought a potion of curing for 36 gold pieces
 29251 | Orc:2    | Bought a potion of curing for 39 gold pieces
 29251 | Orc:2    | Bought a potion of curing for 39 gold pieces
 29251 | Orc:2    | Bought a potion of heal wounds for 65 gold pieces
 29251 | Orc:2    | Bought 2 potions of haste for 260 gold pieces
 29251 | Orc:2    | Bought a potion of heal wounds for 65 gold pieces
 29251 | Orc:2    | Bought a potion of heal wounds for 65 gold pieces
 29251 | Orc:2    | Bought a potion of curing for 39 gold pieces
 29451 | Elf:1    | Entered Level 1 of the Elven Halls
 29525 | Elf:1    | Found a frozen archway.
 29549 | IceCv    | Entered an ice cave
 29950 | IceCv    | Reached skill level 5 in Ice Magic
 31687 | Elf:1    | Noticed Frances
 31703 | Elf:1    | Killed Frances
 31991 | Elf:1    | Reached skill level 14 in Fighting
 32017 | Elf:1    | Reached XP level 16. HP: 104/129 MP: 24/24
 32447 | Elf:1    | Found Veitadom's Magic Scroll Shoppe.
 32489 | Elf:1    | Bought a scroll of identify for 38 gold pieces
 32489 | Elf:1    | Bought a scroll of teleportation for 57 gold pieces
 32489 | Elf:1    | Bought a scroll of teleportation for 57 gold pieces
 32489 | Elf:1    | Bought a scroll of blinking for 142 gold pieces
 32489 | Elf:1    | Bought a scroll of teleportation for 57 gold pieces
 32493 | Elf:1    | Identified a scroll of acquirement
 32493 | Elf:1    | Acquired the amulet "Saikhlen" {RegenMP rPois MR+}
 32741 | Elf:1    | Noticed Donald
 33572 | Swamp:1  | Entered Level 1 of the Swamp
 33652 | Swamp:1  | Reached skill level 5 in Armour
 34746 | Swamp:2  | Noticed a thorn hunter
 34759 | Swamp:1  | Killed a thorn hunter
 35702 | Swamp:2  | Noticed Jorgrun
 35712 | Swamp:2  | Killed Jorgrun
 36707 | Swamp:3  | Noticed Louise
 36719 | Swamp:3  | Cast into level 2 of the Abyss (Louise)
 36999 | Abyss:3  | Found a shimmering blue altar of Sif Muna.
 37150 | Abyss:3  | Noticed a tentacled starspawn
 37213 | Abyss:4  | Found a corrupted altar of Lugonu.
 37214 | Abyss:4  | Found a corrupted altar of Lugonu.
 37221 | Abyss:4  | Paralysed by you for 6 turns
 37358 | Abyss:4  | Noticed a tentacled starspawn
 37409 | Abyss:4  | Noticed a bone dragon
 37435 | Abyss:4  | Killed a bone dragon
 37435 | Abyss:4  | Reached skill level 5 in Spellcasting
 37435 | Abyss:4  | Reached skill level 15 in Invocations
 37436 | Abyss:4  | Noticed a tentacled starspawn
 37437 | Swamp:3  | Escaped the Abyss
 37577 | Swamp:3  | Cast into level 3 of the Abyss (Louise)
 37646 | Abyss:3  | Reached skill level 15 in Long Blades
 37709 | Swamp:3  | Escaped the Abyss
 37730 | Swamp:3  | Killed Louise
 37992 | Swamp:3  | Noticed Mara
 37998 | Swamp:3  | Noticed ANON1729's illusion
 38827 | Swamp:3  | Noticed ANON1729's illusion
 39074 | Swamp:3  | Noticed ANON1729's illusion
 39208 | Swamp:3  | Noticed ANON1729's illusion
 39448 | Swamp:3  | Noticed ANON1729's illusion
 39741 | Swamp:3  | Noticed ANON1729's illusion
 39939 | Swamp:3  | Noticed ANON1729's illusion
 40258 | Swamp:3  | Killed Mara
 40258 | Swamp:3  | Reached XP level 17. HP: 41/135 MP: 10/25
 40555 | Swamp:4  | Entered Level 4 of the Swamp
 41331 | Swamp:4  | HP: 3/135 [red ugly thing (11)]
 41820 | Swamp:4  | Learned a level 2 spell: Wereblood
 42037 | Swamp:4  | Reached skill level 15 in Fighting
 44411 | Swamp:4  | Learned a level 1 spell: Animate Skeleton
 44442 | Swamp:4  | Got a decaying rune of Zot
 44561 | Spider:1 | Entered Level 1 of the Spider Nest
 45836 | Spider:1 | Reached skill level 1 in Necromancy
 46424 | Spider:1 | Reached skill level 1 in Transmutations
 47563 | Spider:1 | Reached XP level 18. HP: 53/144 MP: 24/26
 47950 | Spider:1 | Reached skill level 10 in Dodging
 49133 | Spider:3 | Noticed Bai Suzhen
 49616 | Spider:2 | Killed Bai Suzhen
 49855 | Spider:3 | Noticed Asterion
 50145 | Spider:3 | Killed Asterion
 51858 | Spider:4 | Entered Level 4 of the Spider Nest
 53164 | Spider:4 | Reached skill level 16 in Fighting
 54855 | Spider:3 | Reached XP level 19. HP: 88/152 MP: 27/27
 55294 | Spider:4 | Got a gossamer rune of Zot
 55627 | D:14     | Noticed Snorg
 55646 | D:14     | Killed Snorg
 55879 | D:14     | Found a gate to the Vaults.
 57114 | D:15     | Entered Level 15 of the Dungeon
 57417 | D:15     | Found a staircase to the Depths.
 58346 | Elf:1    | Killed Donald
 58346 | Elf:1    | Reached skill level 5 in Necromancy
 59366 | Vaults:1 | Entered Level 1 of the Vaults
 59455 | Vaults:1 | Reached skill level 10 in Ice Magic
 59471 | Vaults:1 | Reached skill level 5 in Transmutations
 61524 | Vaults:1 | Found Yjopren's General Store.
 61532 | Vaults:1 | Bought a scroll of acquirement for 780 gold pieces
 61532 | Vaults:1 | Acquired a +3 demon blade of electrocution
 61775 | Vaults:1 | Noticed a lich
 62205 | Vaults:1 | Reached XP level 20. HP: 85/161 MP: 21/29
 63396 | Vaults:2 | Found a staircase to the Crypt.
 63396 | Vaults:2 | Found an ancient bone altar of Kikubaaqudgha.
 63403 | Vaults:2 | Found a basalt altar of Yredelemnul.
 63461 | Vaults:2 | Reached skill level 17 in Fighting
 63946 | Vaults:2 | Identified the cursed +0 robe "Hadany" {-Cast rF+ rN+} (You
                  | found it on level 2 of the Vaults)
 63995 | Vaults:2 | You fall into a shaft and drop 2 floors!
 64029 | Vaults:4 | Found a portal to a secret trove of treasure.
 64181 | Vaults:4 | Noticed a golden dragon
 64208 | Vaults:4 | Killed a golden dragon
 65046 | Vaults:2 | Noticed Frederick
 65065 | Vaults:2 | Killed Frederick
 66089 | Vaults:3 | Reached XP level 21. HP: 170/170 MP: 31/31
 66555 | Vaults:3 | Reached skill level 18 in Fighting
 66697 | Vaults:3 | Reached skill level 10 in Spellcasting
 66703 | Vaults:3 | Paralysed by an ogre mage for 2 turns
 68206 | Vaults:4 | Reached skill level 10 in Armour
 69144 | Vaults:4 | Reached skill level 19 in Fighting
 69178 | Vaults:4 | Acquired a Necronomicon
 70028 | Elf:2    | Found a runed translucent gate.
 70036 | Elf:2    | Found a runed translucent gate.
 70036 | Elf:2    | Found a runed translucent gate.
 70311 | Elf:2    | Reached XP level 22. HP: 168/182 MP: 33/33
 70330 | Elf:2    | Identified the Collected Works on Supportive Conjuration
 70623 | Elf:3    | Entered Level 3 of the Elven Halls
 71334 | Elf:3    | Found Fumm's Assorted Antiques.
 71338 | Elf:3    | Bought 2 scrolls of fog for 72 gold pieces
 71338 | Elf:3    | Bought a scroll of vulnerability for 135 gold pieces
 71609 | Elf:3    | Cast into level 3 of the Abyss (a deep elf sorcerer)
 71612 | Abyss:3  | Got an abyssal rune of Zot
 71661 | Abyss:3  | Found a corrupted altar of Lugonu.
 71929 | Abyss:3  | Found a corrupted altar of Lugonu.
 72173 | Elf:3    | Escaped the Abyss
 72738 | Elf:3    | Learned a level 2 spell: Blink
 72946 | Elf:3    | Lost mutation: Your magical capacity is low. (-10% MP)
                  | [potion of mutation]
 72946 | Elf:3    | Gained mutation: You do not regenerate when monsters are
                  | visible. [potion of mutation]
 72946 | Elf:3    | Gained mutation: You passively map a small area around you.
                  | [potion of mutation]
 72947 | Elf:3    | Gained mutation: You are agile. (Dex +2) [potion of
                  | mutation]
 72947 | Elf:3    | Gained mutation: You expend magic power (3 MP) to
                  | strengthen your wands. [potion of mutation]
 72948 | Elf:3    | Lost mutation: You are agile. (Dex +2) [potion of mutation]
 72948 | Elf:3    | Lost mutation: You expend magic power (3 MP) to strengthen
                  | your wands. [potion of mutation]
 72948 | Elf:3    | Lost mutation: You do not regenerate when monsters are
                  | visible. [potion of mutation]
 72948 | Elf:3    | Gained mutation: You have sharp toenails. [potion of
                  | mutation]
 72948 | Elf:3    | Gained mutation: You have razor-sharp toenails. [potion of
                  | mutation]
 72948 | Elf:3    | Gained mutation: You expend magic power (3 MP) to
                  | strengthen your wands. [potion of mutation]
 73035 | Elf:3    | Reached skill level 1 in Translocations
 73340 | Elf:3    | Reached skill level 20 in Fighting
 74141 | Elf:3    | Identified the amulet of Tempters {Faith rN+}
 74188 | Elf:3    | Identified the Handbook of Dramatic Exits
 74194 | Elf:3    | Identified the Collected Works on the Escort
 74737 | Depths:1 | Entered Level 1 of the Depths
 75406 | Depths:1 | Noticed Nikola
 75669 | Depths:1 | Killed Nikola
 75869 | Depths:1 | Reached skill level 5 in Translocations
 76184 | Depths:1 | Noticed Sojobo
 76402 | Depths:1 | Found a gateway to Hell.
 76717 | Depths:1 | Killed Sojobo
 76717 | Depths:1 | Reached XP level 23. HP: 110/192 MP: 22/39
 78396 | Depths:2 | Learned a level 1 spell: Apportation
 78631 | Depths:2 | Paralysed by a great orb of eyes for 5 turns
 78975 | Depths:2 | Found a runed translucent gate.
 78975 | Depths:2 | Found a runed translucent gate.
 78975 | Depths:2 | Found a runed translucent gate.
 79016 | Depths:2 | Noticed a caustic shrike
 79581 | Depths:2 | Killed a caustic shrike
 80112 | Depths:2 | Reached skill level 21 in Fighting
 80143 | Depths:2 | Found a runed translucent gate.
 80143 | Depths:2 | Found a runed translucent gate.
 80143 | Depths:2 | Found a runed translucent gate.
 80585 | Depths:2 | Paralysed by a sphinx for 4 turns
 81879 | Depths:3 | Found a one-way gate leading to the halls of Pandemonium.
 81937 | Depths:3 | Found a corrupted altar of Lugonu.
 81954 | Depths:3 | Found a one-way gate to the infinite horrors of the Abyss.
 82063 | Depths:3 | You fall into a shaft and drop 2 floors!
 82063 | Depths:5 | Entered Level 5 of the Depths
 82090 | Depths:4 | Found a gateway to a ziggurat.
 82606 | Depths:4 | Noticed a caustic shrike
 83240 | Depths:3 | Killed a caustic shrike
 83955 | Depths:4 | Reached XP level 24. HP: 108/201 MP: 29/40
 84391 | Depths:4 | Found a shimmering altar of Xom.
 86016 | Depths:4 | Reached skill level 15 in Armour
 87118 | Depths:4 | Reached skill level 22 in Fighting
 87825 | Depths:5 | Paralysed by a sphinx for 4 turns
 87873 | Depths:4 | Learned a level 6 spell: Ozocubu's Refrigeration
 87878 | Depths:4 | Learned a level 4 spell: Summon Ice Beast
 89120 | Depths:5 | Found a gate to the Realm of Zot.
 89220 | Depths:5 | Found Ahoc's Gadget Boutique.
 89220 | Depths:5 | Found Duysuex's Jewellery Shoppe.
 89221 | Depths:5 | Found Hiefoem's Jewellery Shoppe.
 89227 | Depths:5 | Bought a cursed amulet of inaccuracy for 32 gold pieces
 89227 | Depths:5 | Bought the ring "Deolamet" {Str+6 Int+5} for 1216 gold
                  | pieces
 89240 | Depths:5 | Bought a cursed ring of attention for 99 gold pieces
 89986 | Zot:1    | Entered Level 1 of the Realm of Zot
 92053 | Zot:1    | Reached XP level 25. HP: 182/212 MP: 40/40
 92156 | Zot:1    | Noticed a Killer Klown
 92156 | Zot:1    | Noticed a Killer Klown
 92156 | Zot:1    | Noticed a Killer Klown
 92156 | Zot:1    | Noticed a Killer Klown
 92156 | Zot:1    | Noticed a Killer Klown
 92156 | Zot:1    | Noticed a Killer Klown
 92189 | Depths:5 | Killed a Killer Klown
 92193 | Depths:5 | Killed a Killer Klown
 92338 | Zot:1    | Noticed a juggernaut
 92338 | Zot:1    | a Killer Klown changed into a juggernaut
 92536 | Depths:5 | Killed a Killer Klown
 92947 | Crypt:1  | Entered Level 1 of the Crypt
 94140 | Crypt:1  | Identified the +2 leather armour of Intuition {rC++ Str+7
                  | Slay+3} (You found it on level 1 of the Crypt)
 95151 | Crypt:2  | Found a large runed translucent door.
 95151 | Crypt:2  | Found a large runed translucent door.
 95152 | Crypt:2  | Noticed Ahiatin's ghost (veteran MiBe)
 95541 | Crypt:2  | Killed Ahiatin's ghost
 95799 | Crypt:3  | Entered Level 3 of the Crypt
 96854 | Crypt:3  | Found the amulet of Vitality {Regen+ HP+15}
 97615 | Crypt:3  | Found a staircase to the Tomb.
 97832 | Crypt:3  | Noticed an ancient lich
 97839 | Crypt:3  | Killed an ancient lich
 98482 | Crypt:3  | Noticed an ancient lich
 99701 | Depths:5 | Killed a juggernaut
 99701 | Depths:5 | Reached skill level 23 in Fighting
100159 | Depths:5 | Killed a Killer Klown
100294 | Zot:1    | Killed a Killer Klown
100344 | Zot:1    | Reached XP level 26. HP: 118/221 MP: 29/41
101413 | Zot:1    | You fall into a shaft and drop 1 floor!
101660 | Zot:2    | Noticed an orb of fire
101661 | Zot:2    | Gained mutation: You are frail. (-10% HP) [an orb of fire]
101675 | Zot:2    | Killed an orb of fire
107001 | Zot:3    | Reached skill level 15 in Spellcasting
107030 | Zot:3    | Reached skill level 15 in Ice Magic
107563 | Zot:3    | Reached XP level 27. HP: 116/206 MP: 42/42
108976 | Zot:3    | HP: 3/309 [moth of wrath (16)]
108981 | Zot:3    | Demolished by a storm dragon

Illustrated notes

Levels and vault maps discovered:
D:1:      elethiomel_arrival_infinity_welcomes_careful_drivers, layout_basic
D:2:      layout_loops_cross, okawaru_trees_1
D:3:      layout_rooms, lemuel_crystal_altar, nrook_uturn, uniq_ijyb
D:4:      layout_rooms, kennysheep_cross_room, nicolae_gozag_zags_fifth_avenue
D:5:      layout_rooms, grunt_temple_overflow_open, minmay_temple_entry_slanted,
          serial_curves, eino_curves_02, eino_curves_02, eino_curves_04,
          eino_curves_04, chequers_ossuary_entry_cave, evilmike_ruin_ashenzari
D:6:      layout_basic, uniq_prince_ribbit1, uniq_grinder, uniq_menkaure
D:7:      layout_basic, grunt_dithmenos_smoke
D:8:      minmay_chambers_of_fours, layout_layer_cave, kennysheep_mini,
          uniq_maggie
D:9:      layout_roguey, grunt_lair_entry_orc_guard_hut, hex_intersection,
          led_sif_book, uniq_grum, uniq_harold, uniq_erica
D:10:     lemuel_slime, layout_basic, basic_altar, special_room
          [special_room_bee]
D:11:     layout_roguey, orc_0_dummy, serial_shops, nicolae_shop_trees
D:12:     layout_loops_corners, uniq_nergalle
D:13:     minmay_five_octagons, layout_rooms, minmay_unpleasant_kobolds,
          uniq_sonja, uniq_nessos
D:14:     layout_basic, erik_vaults_2, kennysheep_nondescript,
          palyth_stone_intersect, uniq_snorg
D:15:     grunt_enter_depths_magical_seal, layout_stronghold, solitary_fountain
Temple:   eino_wide_crystal_templ
Lair:1:   layout_gridlike, beast_lair_carwin_8
Lair:2:   layout_misc_corridors, chequers_serial_rivers_marsh
Lair:3:   gammafunk_mikee_crab_dinner, layout_layer_cave, serial_bayou_pond_a,
          pf_torpor_hydra
Lair:4:   gammafunk_cloud_chamber, layout_layer_cave, swamp_mist,
          nicolae_spider_entry_non_spiders
Lair:5:   layout_gridlike, slime_dummy, grunt_megastairs_1
Lair:6:   evilmike_catoblepas_cave, layout_cave_pods,
          chequers_serial_rivers_micro_c, grunt_megastairs_5, uniq_rupert
Swamp:1:  layout_falls_marsh, evilmike_swamp_ruin_house_3
Swamp:2:  layout_basic_swamp, evilmike_swamp_ruin_house_2, uniq_jorgrun
Swamp:3:  layout_falls_marsh, nicolae_swamp_trees_clearing, swamp_pool4,
          uniq_louise, uniq_mara
Swamp:4:  swamp_basic_johnstein, layout_basic_swamp
Spider:1: layout_spider_delve
Spider:2: spiders_nest_scorpion_pit
Spider:3: layout_spider_delve, special_room, uniq_bai_suzhen, uniq_asterion
Spider:4: grunt_spider_rune_circles
Orc:1:    layout_diamond_mine, uniq_fannar, uniq_josephine
Orc:2:    st_orc_rangers, layout_caves, serial_shops, shop, uniq_erolcha
Elf:1:    minmay_elf_arrival_summoners, layout_geoelf_octagon,
          portal_ice_cave_entry_pillars_1, serial_shops, shop,
          evilmike_minifort, corexii_hall_statues_l, uniq_frances, uniq_donald
Elf:2:    layout_geoelf_diagonals, minmay_elf_sorcery
Elf:3:    minmay_elf_hall_dome, layout_geoelf_castle, serial_shops, shop
Vaults:1: v_misc_33, ontoclasm_vaults_hangar, ontoclasm_vaults_twist,
          ontoclasm_vaults_misaligned, nicolae_vaults_alarming,
          dpeg_vaults_pockets_of_resistance, nicolae_vaults_asterisk,
          vaults_room_fancy_cross, nicolae_vaults_specimen_jars, v_rooms_6,
          v_misc_30, nicolae_vaults_what_the_h, hangedman_vaults_unwind,
          ontoclasm_vaults_loading_screen, layout_vaults_maze_bifur,
          serial_shops, nicolae_shop_stone
Vaults:2: ontoclasm_vaults_eye, v_misc_11, vaults_room_glass_cross,
          hangedman_vaults_corner_blocks, minmay_crypt_entry_necro_gods,
          nicolae_vaults_ring_of_whatevers, vaults_room_semicircle,
          dpeg_vaults_monster_box, layout_vaults_quadrants, uniq_frederick
Vaults:3: nicolae_vaults_network_barrier, nicolae_vaults_disjoint_gnomons,
          vaults_room_door_ring, v_misc_13, hangedman_vaults_impose, v_misc_26,
          v_misc_2, vaults_dpeg_cross, v_misc_18, dpeg_vaults_monster_row,
          v_alt_pattern_1, serial_ice_g, vaults_dpeg_ring,
          layout_vaults_omnicross
Vaults:4: st_star, nicolae_vaults_arrows, v_misc_3, v_rooms_1,
          ontoclasm_vaults_fault, nicolae_vaults_border_crossing,
          layout_vaults_chaotic_city, enter_trove_3
Crypt:1:  layout_chaotic_city
Crypt:2:  layout_gridlike, ebering_ghost_disaster_area
Crypt:3:  david_glass_crypt, layout_misc_corridors,
          nicolae_tomb_entry_unfolded_pyramid_diagonal
Depths:1: layout_basic, serial_glass, glass_columns_a, glass_columns_a,
          glass_columns_c, glass_columns_b, glass_columns_b, glass_columns_c,
          glass_columns_a, glass_columns_a, kennysheep_decorative_pillar,
          grunt_mini_vestibule, minmay_misc_feat_encased,
          grunt_decor_resistance, small_chamber_with_monster, minmay_hedge_maze,
          dk_noncrumbling_4, uniq_nikola, uniq_sojobo
Depths:2: kennysheep_treasure_stockpile, layout_gridville, hell_entry,
          abandoned_shop, serial_bayou_crossing,
          infiniplex_staircase_hallway_doors
Depths:3: due_chaos_kobolds, layout_cave_pools, serial_bayou_pond_d, pan_entry,
          hell_entry, hangedman_abyss_or_decor_clamps,
          infiniplex_staircase_pool_1
Depths:4: minmay_dotted_concentric_squares, layout_basic, enter_ziggurat_e,
          pf_hell_entry_tar_river, minivault_11, abyss_entry, tgw_xom
Depths:5: evilmike_zot_entry_round, layout_cave_pools, hell_entry,
          minmay_misc_feat_more_columns, minmay_shop_grove
Zot:1:    layout_basic, drop_trap
Zot:2:    lemuel_halls_of_wrath, layout_cathedral_of_symmetry,
          hangedman_spider_trapstep
Zot:3:    layout_concentric_octagons
Zot:4:    kennysheep_ambush_hall, layout_concentric_octagons

Skill      XL: |  1  2  3  4  5  6  7  8  9 10 11 12 13 14 15 16 17 18 19 20 21 22 23 24 25 26 27 |
---------------+----------------------------------------------------------------------------------+-----
Dodging        | 2 3 4 5 6 7 8 9 10 11 | 11.3
Long Blades    | 3 4 5 6 7 8 9 10 11 12 13 14 15 16 17 18 | 18.4
Fighting       | 4 5 6 7 9 10 11 12 13 14 15 16 17 19 20 21 22 23 | 23.8
Invocations    | 2 4 6 8 9 11 12 13 14 15 16 17 | 17.5
Shields        | 1 2 3 4 5 6 7 8 9 |  9.0
Armour         | 2 3 4 5 6 7 8 9 10 11 13 15 16 | 16.0
Ice Magic      | 3 5 6 8 9 10 11 12 13 14 15 | 15.2
Spellcasting   | 2 4 5 6 7 8 9 11 12 13 14 15 | 15.0
Necromancy     | 1 4 5 6 8 9 |  9.8
Transmutations | 1 3 5 6 7 8 9 |  9.1
Translocations | 5 7 |  7.0
Stealth        | |  3.3

Action                   |  1- 3 |  4- 6 |  7- 9 | 10-12 | 13-15 | 16-18 | 19-21 | 22-24 | 25-27 || total
-------------------------+-------+-------+-------+-------+-------+-------+-------+-------+-------++-------
Melee: Falchion          |    20 |   157 |       |       |       |       |       |       |       ||   177
       Tailslap          |     3 |    32 |    29 |   176 |   382 |   481 |   476 |   418 |   388 ||  2385
       Long sword        |       |    17 |   127 |       |       |   693 |   239 |       |       ||  1076
       Scimitar          |       |       |    70 |   823 |  1778 |  1635 |   608 |       |       ||  4914
       Demon blade       |       |       |       |       |       |       |  1168 |  1881 |  1325 ||  4374
       Unarmed           |       |       |       |       |       |       |       |       |    11 ||    11
Throw: Javelin           |       |       |    17 |    20 |     9 |       |       |       |       ||    46
 Cast: Ozocubu's Armour  |       |       |       |       |       |     3 |       |    10 |     1 ||    14
       Frozen Ramparts   |       |       |       |       |       |     3 |     3 |     3 |     2 ||    11
       Animate Skeleton  |       |       |       |       |       |       |     2 |     9 |     4 ||    15
       Wereblood         |       |       |       |       |       |       |     1 |       |       ||     1
       Apportation       |       |       |       |       |       |       |       |     4 |     4 ||     8
       Blink             |       |       |       |       |       |       |       |     3 |     3 ||     6
       Summon Ice Beast  |       |       |       |       |       |       |       |     2 |       ||     2
Invok: Ancestor Identity |     1 |       |       |       |       |       |       |       |       ||     1
       Recall Ancestor   |       |     1 |       |     2 |     4 |    15 |     5 |    11 |     4 ||    42
       Ancestor Life: He |       |       |     1 |       |       |       |       |       |       ||     1
       Idealise          |       |       |       |       |     1 |       |       |       |       ||     1
       Transference      |       |       |       |       |     2 |     5 |       |     1 |     1 ||     9
 Abil: Rolling Charge    |       |    10 |    16 |    28 |     8 |     1 |     3 |       |       ||    66
Evoke: Wand              |     3 |     1 |     4 |     4 |    10 |    24 |     3 |     4 |     3 ||    56
       Lightning rod     |       |       |       |       |       |     8 |     4 |     2 |       ||    14
       Tin of tremorston |       |       |       |       |       |     5 |     4 |       |       ||     9
  Use: Scroll            |       |     1 |     9 |     5 |    19 |    17 |    20 |    16 |     4 ||    91
       Potion            |       |       |       |     4 |     6 |    14 |     7 |    10 |     2 ||    43
 Stab: Paralysed         |     5 |       |       |       |    33 |   132 |    53 |    58 |    29 ||   310
       Sleeping          |     1 |     9 |     5 |     7 |       |     6 |     3 |     1 |     3 ||    35
       Distracted        |       |     1 |     2 |     6 |    20 |    32 |    12 |    16 |    15 ||   104
       Confused          |       |       |     1 |     7 |    15 |    22 |   147 |    72 |    58 ||   322
       Petrified         |       |       |       |       |    12 |       |       |       |       ||    12
       Petrifying        |       |       |       |       |     1 |       |       |       |       ||     1
       Invisible         |       |       |       |       |       |       |       |     3 |       ||     3
Armor: Leather armour    |     7 |    58 |    35 |       |       |       |       |       |   227 ||   327
       Swamp dragon scal |       |       |       |   257 |   583 |   976 |   405 |   564 |    59 ||  2844
       Skin              |       |       |       |     1 |    22 |       |       |       |       ||    23
Dodge: Dodged            |    10 |    88 |   142 |   585 |   678 |  1392 |   700 |   638 |   348 ||  4581
       Repelled          |       |       |       |       |     6 |    27 |    11 |    25 |    13 ||    82
Block: Kite shield       |       |       |       |       |   593 |  1307 |   684 |   696 |   526 ||  3806
       Reflection        |       |       |       |       |       |       |    67 |    52 |     8 ||   127
       Rpst.: Falchion   |     4 |    33 |       |       |       |       |       |       |       ||    37
       Long sword        |       |       |    28 |       |       |    78 |    21 |       |       ||   127
       Scimitar          |       |       |    15 |   153 |   174 |   177 |    45 |       |       ||   564
       Demon blade       |       |       |       |       |       |       |    75 |    97 |    56 ||   228

Table legend: (Time is in decaauts)
 A = Elapsed time spent in this place.
 B = Non-inter-level travel time spent in this place.
 C = Inter-level travel time spent in this place.
 D = Time resting spent in this place.
 E = Time spent auto-exploring this place.
 F = Levels seen in this place.
 G = Mean time per level.
                   A        B        C        D        E       F      G
               +--------+--------+--------+--------+--------+-----+--------+
         Total | 106609 | 100949 |   5660 |  52092 |  27080 |  57 | 1870.3 |
       Dungeon |  19356 |  17687 |   1669 |   6134 |   7456 |  15 | 1290.4 |
        Temple |    540 |    527 |     13 |    370 |     19 |   1 |  540.0 |
          Lair |  10807 |  10126 |    681 |   4241 |   3922 |   6 | 1801.2 |
         Swamp |  10226 |   9995 |    231 |   6114 |   2156 |   4 | 2556.5 |
   Spider Nest |  10675 |  10177 |    498 |   5886 |   2027 |   4 | 2668.8 |
  Orcish Mines |   2643 |   2377 |    266 |    955 |    753 |   2 | 1321.5 |
   Elven Halls |   6948 |   6529 |    419 |   3344 |   1213 |   3 | 2316.0 |
        Vaults |  10481 |   9707 |    774 |   4171 |   3104 |   4 | 2620.2 |
         Crypt |   5695 |   5587 |    108 |   3166 |   1466 |   3 | 1898.3 |
        Depths |  17559 |  16747 |    812 |  11091 |   2653 |   5 | 3511.8 |
           Zot |   8356 |   8172 |    184 |   4623 |   2247 |   4 | 2089.0 |
         Abyss |   1305 |   1305 |      0 |    545 |     61 |   5 |  261.0 |
      Ice Cave |   2011 |   2011 |      0 |   1447 |      0 |   1 | 2011.0 |
               +--------+--------+--------+--------+--------+-----+--------+

Top non-repeatable levels by time:
Depths:4: 5199 daAuts
Depths:5: 4851 daAuts
 Swamp:3: 3952 daAuts
   Zot:2: 3758 daAuts
Vaults:1: 3757 daAuts
Depths:2: 3574 daAuts
Spider:1: 3321 daAuts
   Elf:3: 3221 daAuts
   Elf:1: 3106 daAuts
  Lair:6: 3061 daAuts
Spider:2: 2957 daAuts
  Lair:3: 2916 daAuts
Vaults:4: 2804 daAuts
Spider:3: 2654 daAuts
 Swamp:4: 2506 daAuts
